 Dungeon Crawl Stone Soup version 0.28.0-45-g0d030f2227 (webtiles) character file.

Game seed: 6004397118197051441

6 Descartes the Firebug (level 1, 11/11 HPs)
             Began as an Octopode Fire Elementalist on Apr 12, 2022.
             Was a Follower of Qazlal.
             Got out of the dungeon alive.
             The game lasted 00:00:47 (506 turns).

Descartes the Firebug (Octopode Fire Elementalist)   Turns: 506, Time: 00:00:48

Health: 11/11      AC:  1    Str:  7    XL:     1   Next: 90%
Magic:  3/3        EV: 13    Int: 17    God:    Qazlal [*.....]
Gold:   30         SH:  1    Dex: 12    Spells: 3/4 levels left

rFire   . . .      SeeInvis .   (no weapon)
rCold   . . .      Faith    .   (no shield)
rNeg    . . .      Spirit   .   (helmet restricted)
rPois   .          Reflect  .   (no amulet)
rElec   .          Harm     .   (no ring)
rCorr   .          Rampage  .   (no ring)
Will    .....                   (no ring)
Stlth   +++.......              (no ring)
HPRegen 0.03/turn               (no ring)
MPRegen 0.08/turn               (no ring)
                                (no ring)
                                (no ring)

@: no status effects
A: almost no armour, amphibious, 8 rings, camouflage 1, gelatinous body 1,
(nimble swimmer 1), tentacles
a: Renounce Religion


You escaped.
You worshipped Qazlal.
Qazlal was aware of your devotion.
You visited 1 branch of the dungeon, and saw 1 of its levels.

You collected 30 gold pieces.

Inventory:

Scrolls
 a - a scroll of enchant armour {unknown}
Potions
 b - a potion of degeneration {unknown}
 c - a potion of haste {unknown}


   Skills:
 + Level 2.1 Dodging
 + Level 2.9 Stealth
 + Level 2.1 Spellcasting
 + Level 1.1 Conjurations
 + Level 3.0 Fire Magic


You had 3 spell levels left.
You knew the following spells:

 Your Spells              Type           Power      Damage    Failure   Level
a - Foxfire               Conj/Fire      36%        2x1d5     9%          1

Your spell library contained the following spells:

 Spells                   Type           Power      Damage    Failure   Level
 Scorch                   Fire           24%        2d6       9%          2
 Conjure Flame            Conj/Fire      9%         6-21      24%         3
 Inner Flame              Hex/Fire       7%         N/A       30%         3
 Flame Wave               Conj/Fire      9%         2d5       63%         4


Dungeon Overview and Level Annotations

Branches:
Dungeon (1/15)

Altars:
Qazlal


Innate Abilities, Weirdness & Mutations

You cannot wear most types of armour.
You are amphibious.
You can wear up to eight rings at the same time.
Your skin changes colour to match your surroundings (Stealth+).
Your rubbery body absorbs attacks. (AC +1, EV +1)
((You are camouflaged when in or above water. (Stealth+)))
You have tentacles for arms and can constrict up to eight enemies at once.


Message History

Your foxfire dissipates!
Your foxfire dissipates!
Magic restored.
HP restored.
A frilled lizard comes into view.
Casting: Foxfire (safe; 9% risk of failure)
Confirm with . or Enter, or press ? or * to list all spells.
You conjure some foxfire!
Casting: Foxfire (safe; 9% risk of failure)
Confirm with . or Enter, or press ? or * to list all spells.
You conjure some foxfire!
Casting: Foxfire (safe; 9% risk of failure)
Confirm with . or Enter, or press ? or * to list all spells.
You conjure some foxfire!
The foxfire hits the frilled lizard.
The frilled lizard is moderately wounded.
The foxfire hits the frilled lizard.
You kill the frilled lizard!
Casting: Foxfire (safe; 9% risk of failure)
Confirm with . or Enter, or press ? or * to list all spells.
You don't have enough magic to cast this spell.
Your foxfire dissipates! x2
Your foxfire dissipates!
c - a bubbling orange potion You now have 30 gold pieces (gained 18).
Found a faded altar of an unknown god.
Found 15 arrows.
There is a faded altar of an unknown god here.
You cannot tell which god this altar belongs to.
Convert to them anyway?
Qazlal accepts your prayer! Qazlal welcomes you!
Qazlal grants you and your divine allies immunity to clouds.
You are now surrounded by a storm.
There is an open door here.
You open the door.
There is an open door here.
You open the door.
There is an open door here.
There is a staircase leading out of the dungeon here.
Are you sure you want to leave the Dungeon?
This will make you lose the game!
You have escaped!

#.#.##...#
#.#.##...#
#.#.##...#
#....#...#
#........#
#.###....#...#
......#.####'#+#
#.........#..ยง.#
#######.###..@.#
##'####.###
##...###.#
##.....#..#
#........##
#.........#
+.........+
#.........#
##.......##


There were no monsters in sight!

Vanquished Creatures
  A kobold (D:1)
  3 quokkas (D:1)
  A frilled lizard (D:1)
5 creatures vanquished.

Vanquished Creatures (others)
  11 foxfires (D:1)
11 creatures vanquished.

Grand Total: 16 creatures vanquished

Notes
Turn   | Place    | Note
-------+----------+-------------------------------------------
     0 | D:1      | Descartes the Octopode Fire Elementalist began the quest
                  | for the Orb.
     0 | D:1      | Reached XP level 1. HP: 11/11 MP: 3/3
   439 | D:1      | Found a faded altar of an unknown god.
   450 | D:1      | Prayed at the altar of an unknown god.
   450 | D:1      | Became a worshipper of Qazlal Stormbringer
   450 | D:1      | Reached * piety under Qazlal
   506 | D:$      | Got out of the dungeon alive.

Illustrated notes

Levels and vault maps discovered:
D:1:      dpeg_arrival_ratfight, layout_loops_corners,
          ebering_ecumenical_altar_box, st_stairs_2, skrybe_limestone_x

Action                   || total
-------------------------++-------
Melee: Unarmed           ||     8
       Constrict         ||     3
       Tentacles         ||     3
 Cast: Foxfire           ||     7
 Stab: Sleeping          ||     3
Dodge: Dodged            ||     4
